 Dungeon Crawl Stone Soup version 0.32-a0-960-g3814254bd7 (webtiles) character file.

Game seed: 6118178383425734810

21856 Autsider the Covert (level 12, -2/71 HPs)
             Began as a Vampire Enchanter on Apr 17, 2024.
             Was a High Priest of Dithmenos.
             Slain by a troll (8 damage)
             ... on level 13 of the Dungeon.
             The game lasted 01:00:19 (13372 turns).

Autsider the Covert (Vampire Enchanter)            Turns: 13372, Time: 01:00:19

Health: -2/71      AC: 11    Str:  7    XL:     12   Next: 57%
Magic:  35/35      EV: 14    Int: 22    God:    Dithmenos [*****.]
Gold:   621        SH:  0    Dex: 15    Spells: 21/31 levels left

rFire   . . .        o - +7 quick blade (venom)
rCold   + + .        (no shield)
rNeg    + + +        I - +3 troll leather armour
rPois   ∞            T - +0 helmet
rElec   .            s - +0 cloak
rCorr   .            X - +0 pair of gloves
SInv    +            m - +0 pair of boots
Will    +....        (no amulet) Stlth *+++++++++
                     x - ring of magical power
HPRegen 0.00/turn    V - ring of flight
MPRegen 0.24/turn

%: no passive effects
@: flying, bloodless, inhibited regen, wreathed by umbra
A: bloodless, fangs 3, see invisible, vampiric 2
a: Bat Form, Revivify, Renounce Religion, Shadow Step, Shadow Form


You were on level 13 of the Dungeon.
You worshipped Dithmenos.
Dithmenos was extremely pleased with you.
You visited 2 branches of the dungeon, and saw 14 of its levels.
You also visited: Sewer and Bailey.

You collected 811 gold pieces.
You spent 190 gold pieces at shops.

Inventory:

Hand Weapons
 o - a +7 quick blade of venom (weapon)
Missiles
 i - 44 poisoned darts (quivered)
 v - 5 curare-tipped darts
 A - 4 atropa-tipped darts
 K - 2 throwing nets
 Q - 2 boomerangs
 Y - 30 javelins
Armour
 b - a +1 kite shield of reflection
 m - a +0 pair of boots (worn)
 r - a +0 buckler
 s - a +0 cloak (worn)
 I - a +3 troll leather armour (worn)
 T - a +0 helmet (worn)
 X - a +0 pair of gloves (worn)
Jewellery
 a - an amulet of reflection
 x - a ring of magical power (left hand)
 J - a ring of poison resistance
 M - an amulet of the acrobat
 V - a ring of flight (right hand)
Wands
 l - a wand of roots (7)
 y - a wand of flame (75)
 B - a wand of mindburst (17)
 G - a wand of polymorph (5)
 W - a wand of charming (8)
Scrolls
 f - a scroll of noise
 g - 4 scrolls of teleportation {@r2}
 k - 2 scrolls of revelation
 n - 4 scrolls of identify {@r1}
 p - 3 scrolls of fog
 u - a scroll of brand weapon {unknown}
 z - 3 scrolls of poison
 C - a scroll of enchant weapon
 E - 2 scrolls of amnesia
 H - a scroll of fear {unknown}
 O - 2 scrolls of silence {unknown}
 P - a scroll of butterflies {unknown}
 R - a scroll of vulnerability
 S - a scroll of torment {unknown}
Potions
 c - 4 potions of invisibility
 d - 2 potions of brilliance {unknown}
 e - 8 potions of heal wounds {@q2}
 h - 4 potions of magic
 j - 3 potions of resistance {unknown}
 q - 2 potions of cancellation {unknown}
 t - 2 potions of degeneration {unknown}
 w - 6 potions of lignification
 D - 2 potions of might {unknown}
 F - 4 potions of mutation
 L - 5 potions of curing {@q1}
 U - 2 potions of berserk rage
Miscellaneous
 Z - a phial of floods


   Skills:
 + Level 6.4 Fighting
 + Level 7.7 Short Blades
 - Level 4.0 Armour
 + Level 8.6 Dodging
 + Level 12.9 Stealth
 - Level 10.0 Spellcasting
 - Level 10.0 Hexes
 - Level 4.0 Translocations
 - Level 4.0 Ice Magic
 - Level 4.0 Evocations


You had 21 spell levels left.
You knew the following spells:

 Your Spells              Type           Power      Damage    Failure   Level
a - Ensorcelled Hibernat  Hex/Ice        82%        N/A       1%          2
b - Confusing Touch       Hex            53%        N/A       1%          3
c - Tukima's Dance        Hex            53%        N/A       1%          3
z - Blink                 Tloc           56%        N/A       2%          2

Your spell library contained the following spells:

 Spells                   Type           Power      Damage    Failure   Level
 Lesser Beckoning         Tloc           56%        N/A       2%          2
 Dazzling Flash           Conj/Hex       66%        N/A       3%          3
 Momentum Strike          Conj/Tloc      38%        3d9       6%          2
 Sandblast                Erth           22%        2d7       9%          1
 Summon Small Mammal      Summ           44%        N/A       9%          1
 Call Canine Familiar     Summ           11%        N/A       26%         3
 Passwall                 Erth           11%        N/A       26%         3
 Stone Arrow              Conj/Erth      22%        3d8       26%         3
 Summon Blazeheart Golem  Fire/Summ      11%        N/A       65%         4
 Summon Forest            Summ/Tloc      9%         N/A       71%         5
 Eringya's Noxious Bog    Alch           5%         4d6       100%        6
 Starburst                Conj/Fire      5%         6d4       100%        6
 Summon Hydra             Summ           5%         N/A       100%        7
 Fulsome Fusillade        Conj/Alch      5%         (3-5)d5   100%        8


Dungeon Overview and Level Annotations

Branches:
Dungeon (13/15)            Temple (1/1) D:6            Lair (0/5) D:10
    Orc (0/2) D:9           Sewer (visited)          Bailey (visited)
 Vaults: D:13-14

Altars:
Ashenzari
Cheibriados
Dithmenos
Fedhas
Gozag
Hepliaklqana
Kikubaaqudgha
Makhleb
Nemelex Xobeh
Okawaru
Qazlal
Ru
Sif Muna
Trog
Uskayaw
Vehumet
Wu Jian
Xom
Yredelemnul

Shops:
D:7 [   D:8 !   D:9 (


Innate Abilities, Weirdness & Mutations

You do not regenerate when monsters are visible.
You are frail without blood (-20% HP).
You can heal yourself when you bite living creatures.
You are immune to poison.
You have razor-sharp teeth.
You have supernaturally acute eyesight. (SInv)
You are afflicted with vampirism and can become a bat while bloodless.


Message History

e - 8 potions of heal wounds {@q2} (gained 1)
An acid dragon comes into view.
The helpless acid dragon fails to defend itself.
You bite the acid dragon, and draw its blood!
You skewer the acid dragon like a kebab!!!!
You kill the acid dragon!
Dithmenos accepts your kill.
The acid dragon scales are intact enough to wear.
No target in view!
No target in view!
No target in view!
No target in view!
No target in view!
No target in view!
No target in view!
Things that are here:
+0 acid dragon scales; an acid dragon corpse
Found a stone staircase leading up.
There is a stone staircase leading up here.
An orc knight comes into view.
It is wielding a +0 glaive and wearing a +0 chain mail of fire resistance.
A two-headed ogre and a troll come into view.
The orc knight hits you from afar with a +0 glaive!
The troll shouts!
The two-headed ogre shouts in stereo!
You closely miss the troll. x2; Your shadow closely misses the troll.
Your shadow hits the troll with a quick blade.
The troll misses you. The troll claws you but does no damage.
The troll claws you.
The orc knight hits you from afar with a +0 glaive!!
* * * LOW HITPOINT WARNING * * *
The orc knight attacks as it pursues you!
The orc knight hits you from afar with a +0 glaive!!
* * * LOW HITPOINT WARNING * * *
The troll attacks as it pursues you! The troll barely misses you.
The troll claws you but does no damage. The troll barely misses you.
The troll attacks as it pursues you! The troll barely misses you.
The troll claws you!
* * * LOW HITPOINT WARNING * * *
The troll barely misses you. The troll closely misses you. The troll claws you!
You die...

.. +...#
## #...#
#...#
#...#
###...#
##
#.#..##
.#
###.O.##
.#
#.To###
.# #.#
#@### .#
#.#
###.###
.# #.#
#...<.#
.# #.#
#.###.#
.####.#
#. #.#
...##.#
#.###.#
.#.##.#
#.....#
.#.##.##
###.###
.......#
#.#


You could see an orc knight, a two-headed ogre and a troll.

Vanquished Creatures
  A two-headed ogre (D:11)
  3 boulder beetles
  A tengu warrior (D:12)
  An arcanist (D:13)
  A deep elf pyromancer (D:12)
  A manticore (D:12)
  Maurice (D:10)
  2 cyclopes
  A gargoyle (D:13)
  2 unseen horrors
  Maggie (D:8)
  2 kobold demonologists
  A komodo dragon (D:12)
  A tengu conjurer (D:13)
  4 trolls
  Grinder (Sewer)
  A shadow (D:10)
  4 wyverns
  21 yaks (D:10)
  A wraith (D:12)
  3 steam dragons (D:9)
  2 acid dragons
  4 water moccasins
  Duvessa (D:4)
  3 orc warriors
  2 sky beasts
  4 laughing skulls
  An ice beast (D:5)
  An ogre (D:5)
  4 wolves (D:10)
  8 centaurs
  6 phantoms
  7 kobold brigands
  Blork the orc (D:4)
  3 scorpions
  2 wights
  Dowan (D:4)
  8 killer bees
  4 electric eels (D:11)
  A howler monkey (D:11)
  3 hounds
  An orc priest (D:11)
  A jelly (D:7)
  4 orc wizards
  3 iguanas
  3 sleepcaps
  6 ogre zombies (D:9)
  A kobold zombie (Sewer)
  9 gnolls
  8 adders
  3 shadow imps
  A white imp (D:7)
  5 ufetubi
  An adder zombie (Sewer)
  2 ribbon worms
  5 dart slugs
  26 orcs
  4 bats
  7 endoplasms
  4 giant cockroaches
  5 gnoll zombies (D:9)
  6 goblins
  9 hobgoblins
  3 quokkas
  10 ball pythons
  4 frilled lizards
  3 gnoll skeletons (D:9)
  38 kobolds
  An orc skeleton (D:9)
  10 orc zombies (D:9)
  10 rats
313 creatures vanquished.

Vanquished Creatures (collateral kills)
  A two-headed ogre (D:8)
  A gargoyle (D:11)
  Grum (D:10)
  11 orc warriors
  9 centaurs (Bailey)
  A kobold brigand (D:10)
  2 gnoll sergeants
  7 wights
  An orc priest (D:9)
  An orc wizard (D:5)
  8 gnolls
  23 orcs
  4 goblins (D:9)
  10 kobolds
80 creatures vanquished.

Vanquished Creatures (others)
  17 dancing weapons
17 creatures vanquished.

Grand Total: 410 creatures vanquished

Notes
Turn   | Place    | Note
-------+----------+-------------------------------------------
     0 | D:1      | Autsider the Vampire Enchanter began the quest for the Orb.
     0 | D:1      | Reached XP level 1. HP: 13/13 MP: 3/3
   161 | D:1      | Reached skill level 5 in Stealth
   161 | D:1      | Reached XP level 2. HP: 17/19 MP: 5/5
   190 | D:1      | Reached skill level 5 in Hexes
   197 | D:1      | Learned a level 2 spell: Ensorcelled Hibernation
   224 | D:1      | Found a faded altar of an unknown god.
   405 | D:1      | Reached skill level 1 in Ice Magic
   634 | D:2      | Gained mutation: You are afflicted with vampirism and can
                  | become a bat while bloodless. [Vampire growth]
   634 | D:2      | Reached XP level 3. HP: 24/24 MP: 6/6
   646 | D:2      | Learned a level 3 spell: Confusing Touch
  1101 | D:2      | Found a blossoming altar of Fedhas.
  1405 | D:3      | Reached XP level 4. HP: 30/30 MP: 2/7
  1875 | D:3      | Noticed a scorpion
  1877 | D:3      | Killed a scorpion
  1878 | D:3      | Reached skill level 6 in Stealth
  1878 | D:3      | Reached XP level 5. HP: 35/35 MP: 8/8
  1882 | D:3      | Learned a level 3 spell: Tukima's Dance
  2218 | D:4      | Reached skill level 7 in Stealth
  2272 | D:4      | Found a bloodstained altar of Trog.
  2276 | D:4      | Found a sparkling altar of Nemelex Xobeh.
  2276 | D:4      | Found a shimmering blue altar of Sif Muna.
  2376 | D:4      | Reached XP level 6. HP: 33/41 MP: 5/9
  2567 | D:4      | Reached skill level 8 in Stealth
  2987 | D:4      | Noticed Blork the orc
  2994 | D:4      | Noticed a water moccasin
  3009 | D:4      | Killed Blork the orc
  3089 | D:4      | Killed a water moccasin
  3090 | D:4      | Reached XP level 7. HP: 46/46 MP: 13/13
  3157 | D:4      | Noticed Dowan
  3174 | D:4      | Noticed Duvessa
  3178 | D:4      | Killed Duvessa
  3199 | D:4      | Killed Dowan
  3456 | D:5      | Entered Level 5 of the Dungeon
  3524 | D:5      | Found a glowing drain.
  3548 | Sewer    | Entered a sewer
  4029 | Sewer    | Found an ancient bone altar of Kikubaaqudgha.
  4054 | Sewer    | Noticed Grinder
  4088 | Sewer    | Killed Grinder
  4089 | Sewer    | Reached skill level 5 in Dodging
  4089 | Sewer    | Reached XP level 8. HP: 27/41 MP: 14/14
  4241 | Sewer    | Reached skill level 5 in Short Blades
  4489 | D:5      | Reached skill level 1 in Fighting
  5175 | D:6      | Reached XP level 9. HP: 48/52 MP: 15/15
  5218 | D:6      | Reached skill level 1 in Translocations
  5872 | D:6      | Found a staircase to the Ecumenical Temple.
  5881 | Temple   | Entered the Ecumenical Temple
  5898 | Temple   | Became a worshipper of Dithmenos the Shadowed
  6398 | D:7      | Found an ancient bone altar of Kikubaaqudgha.
  6459 | D:7      | Found Ridduf's Armour Boutique.
  6598 | D:7      | Reached skill level 1 in Evocations
  6724 | D:7      | Learned a level 2 spell: Blink
  6888 | D:8      | Noticed a two-headed ogre
  6888 | D:8      | Found an opulent altar of Gozag.
  6897 | D:8      | Killed a two-headed ogre
  6897 | D:8      | Reached * piety under Dithmenos
  6898 | D:8      | Reached skill level 9 in Stealth
  6907 | D:8      | Found Laixkes's Distillery.
  6916 | D:8      | Bought a potion of curing for 30 gold pieces
  6916 | D:8      | Bought a potion of mutation for 80 gold pieces
  6916 | D:8      | Bought a potion of berserk rage for 50 gold pieces
  6916 | D:8      | Bought a potion of lignification for 30 gold pieces
  6946 | D:8      | Reached skill level 5 in Spellcasting
  6993 | D:8      | Reached XP level 10. HP: 56/56 MP: 17/17
  7134 | D:8      | Noticed Maggie
  7223 | D:8      | Killed Maggie
  7644 | D:9      | Found a radiant altar of Vehumet.
  7751 | D:9      | Reached skill level 10 in Stealth
  7838 | D:9      | Found a flagged portal.
  7841 | D:9      | Reached ** piety under Dithmenos
  7875 | D:9      | Reached skill level 10 in Hexes
  8021 | Bailey   | Entered a bailey
  9171 | D:9      | Found Xinlonug's Weapon Shop.
  9268 | D:9      | Reached *** piety under Dithmenos
  9373 | D:9      | Found a staircase to the Orcish Mines.
  9822 | D:9      | Reached XP level 11. HP: 61/61 MP: 24/24
 10105 | D:10     | Entered Level 10 of the Dungeon
 10124 | D:10     | Reached **** piety under Dithmenos
 10168 | D:10     | Reached skill level 1 in Armour
 10218 | D:10     | Noticed Grum
 10233 | D:10     | Killed Grum
 10283 | D:10     | Identified the +9 scale mail of Inviolability {SInv}
 10746 | D:10     | Reached skill level 11 in Stealth
 10758 | D:10     | Reached skill level 5 in Fighting
 10780 | D:10     | Found a staircase to the Lair.
 10794 | D:10     | Reached ***** piety under Dithmenos
 10802 | D:10     | Noticed Maurice
 10812 | D:10     | Killed Maurice
 11066 | D:10     | Identified a scroll of acquirement
 11066 | D:10     | Acquired a +3 quick blade of venom
 11267 | D:11     | Noticed a boulder beetle
 11277 | D:11     | Killed a boulder beetle
 11334 | D:11     | HP: 3/64 [electric eel/bolt of electricity (8)]
 11337 | D:11     | Found a transporter.
 11475 | D:11     | Noticed a two-headed ogre
 11482 | D:11     | Killed a two-headed ogre
 11501 | D:11     | Noticed a boulder beetle
 11510 | D:11     | Killed a boulder beetle
 11511 | D:11     | Reached XP level 12. HP: 68/68 MP: 25/25
 11926 | D:11     | Found a transporter.
 11951 | D:11     | Found a transporter.
 12095 | D:11     | Found a transporter.
 12374 | D:12     | Reached skill level 12 in Stealth
 12383 | D:12     | Noticed a tengu warrior
 12405 | D:12     | Killed a tengu warrior
 12406 | D:12     | Reached skill level 10 in Spellcasting
 12773 | D:12     | Noticed a boulder beetle
 12789 | D:12     | Killed a boulder beetle
 13269 | D:13     | Found an ancient bone altar of Kikubaaqudgha.
 13360 | D:13     | Noticed a two-headed ogre
 13372 | D:13     | Slain by a troll

Illustrated notes

Levels and vault maps discovered:
D:1:      dpeg_arrival_round_b, layout_rooms,
          shapermc_ecumenical_altar_acropolis
D:2:      layout_loops_ring, basic_altar
D:3:      layout_loops_ring
D:4:      cheibrodos_thug_alley, layout_loops_corners,
          chequers_temple_overflow_statue_of_worship, serial_park_tiny_1,
          uniq_duvessa, uniq_blork_the_orc
D:5:      layout_basic, mainiacjoe_sewer_entry_somewhere_in_here_1,
          kennysheep_generic_room_5
D:6:      layout_basic, lemuel_temple_firewalk_b
D:7:      layout_loops_ring, kennysheep_mini, serial_shops,
          nicolae_shop_advertising_works [nicolae_subvault_shop_adworks]
D:8:      layout_loops_cross, overflow_temple_1_default, serial_shops,
          nicolae_shop_just_a_little_nook, uniq_maggie
D:9:      layout_loops_corners, overflow_temple_1_default, zombieorc1_lemuel,
          serial_shops, kennysheep_little_box, enter_bailey_5
D:10:     layout_stronghold, minmay_lair_entry_grove, uniq_maurice, uniq_grum
D:11:     layout_basic, minmay_holes, nicolae_diode_intersection
D:12:     layout_basic
D:13:     layout_loops_ring, david_vaults_1, kiku_gazebo_pond_becter
Temple:   nicolae_temple_elliptical

Skill      XL: |  1  2  3  4  5  6  7  8  9 10 11 12 |
---------------+-------------------------------------+-----
Stealth        | 5 6 7 8 9 10 11 12 | 12.9
Hexes          | 5 6 7 8 9 10 | 10.0
Ice Magic      | 1 2 4 |  4.0
Spellcasting   | 4 5 9 10 | 10.0
Short Blades   | 4 6 7 |  7.7
Dodging        | 5 6 7 8 |  8.6
Fighting       | 3 4 5 6 |  6.4
Translocations | 4 |  4.0
Evocations     | 2 4 |  4.0
Armour         | 3 4 |  4.0

Action                     |  1- 3 |  4- 6 |  7- 9 | 10-12 || total
---------------------------+-------+-------+-------+-------++-------
  Melee: Dagger            |   113 |   217 |    76 |       ||   406
         Bite              |     4 |    21 |    43 |    55 ||   123
         Short sword       |       |       |   249 |   270 ||   519
         Quick blade       |       |       |       |    86 ||    86
  Throw: Dart              |       |       |    28 |    18 ||    46
   Cast: Ensorcelled Hiber |     6 |     6 |    23 |    84 ||   119
         Confusing Touch   |     3 |     9 |    19 |    18 ||    49
         Tukima's Dance    |       |     8 |    34 |    69 ||   111
Ability: Exsanguinate      |       |       |     1 |       ||     1
    Use: Scroll            |       |       |     6 |    15 ||    21
   Stab: Sleeping          |    16 |     9 |    37 |   108 ||   170
         Confused          |     1 |     3 |    10 |    12 ||    26
         Distracted        |       |     1 |       |     1 ||     2
 Armour: Robe              |    73 |   110 |   134 |    94 ||   411
         Troll leather arm |       |       |       |    54 ||    54
  Dodge: Dodged            |    85 |   110 |   150 |   140 ||   485

Table legend: (Time is in decaauts)
 A = Elapsed time spent in this place.
 B = Non-inter-level travel time spent in this place.
 C = Inter-level travel time spent in this place.
 D = Time resting spent in this place.
 E = Time spent auto-exploring this place.
 F = Levels seen in this place.
 G = Mean time per level.
                   A        B        C        D        E       F      G
               +--------+--------+--------+--------+--------+-----+--------+
         Total |  13087 |  12518 |    569 |   1812 |   6740 |  16 |  817.9 |
       Dungeon |  11247 |  10711 |    536 |   1142 |   6430 |  13 |  865.2 |
        Temple |     34 |      1 |     33 |      0 |      0 |   1 |   34.0 |
         Sewer |    711 |    711 |      0 |    180 |    104 |   1 |  711.0 |
        Bailey |   1093 |   1093 |      0 |    490 |    206 |   1 | 1093.0 |
               +--------+--------+--------+--------+--------+-----+--------+

Top non-repeatable levels by time:
     D:9: 1297 daAuts
     D:4: 1252 daAuts
    D:10: 1106 daAuts
    D:11: 1096 daAuts
  Bailey: 1093 daAuts
     D:6: 981 daAuts
     D:5: 955 daAuts
    D:12: 805 daAuts
     D:3: 803 daAuts
     D:2: 761 daAuts
   Sewer: 711 daAuts
     D:8: 708 daAuts
     D:7: 647 daAuts
     D:1: 619 daAuts
    D:13: 211 daAuts
